 Dungeon Crawl Stone Soup version 0.23.1 (webtiles) character file.

Game seed: 14168299324182792770

92 eisn the Slasher (level 4, -7/40 HPs)
             Began as a Hill Orc Fighter on Mar 18, 2019.
             Mangled by an orc
             ... wielding a cursed -1 flail
              (8 damage)
             ... on level 3 of the Dungeon.
             The game lasted 00:06:26 (1606 turns).

eisn the Slasher (Hill Orc Fighter)                 Turns: 1606, Time: 00:06:27

Health: -7/40      AC:  8    Str: 18    XL:     4   Next: 60%
Magic:  4/4        EV:  7    Int:  9    God:
Gold:   184        SH:  9    Dex: 10    Spells: 3/3 levels left

rFire    . . .     SeeInvis .   a - +0 long sword
rCold    . . .     Gourm    .   c - +0 shield
rNeg     . . .     Faith    .   b - +0 scale mail
rPois    .         Spirit   .   m - +0 helmet
rElec    .         Reflect  .   (no cloak)
rCorr    .         Harm     .   (no gloves)
MR       .....                  (no boots)
Stlth    ..........             (no amulet)
HPRegen  0.13/turn              (no ring)
MPRegen  0.09/turn              (no ring)

@: no status effects
A: no striking features
a: no special abilities


You were on level 3 of the Dungeon.
You were not hungry.

You visited 1 branch of the dungeon, and saw 3 of its levels.

You collected 184 gold pieces.

Inventory:

Hand Weapons
 a - a +0 long sword (weapon)
Armour
 b - a +0 scale mail (worn)
 c - a +0 shield (worn)
 m - a +0 helmet (worn)
Jewellery
 j - an uncursed amulet of rage {unknown}
 o - an uncursed amulet of magic regeneration {unknown}
Scrolls
 e - 2 scrolls of remove curse {unknown}
 g - a scroll of enchant weapon {unknown}
 i - a scroll of teleportation {unknown}
 l - 3 scrolls of identify {unknown}
 n - a scroll of immolation {unknown}
Potions
 d - 2 potions of might
 h - a potion of flight {unknown}
 k - a potion of agility {unknown}
Comestibles
 f - 5 rations
 p - 3 chunks of flesh


   Skills:
 - Level 3.7 Fighting
 + Level 5.0 Long Blades
 - Level 3.3 Armour
 - Level 3.3 Shields


You had 3 spell levels left.
You didn't know any spells.
Your spell library contained the following spells:

 Spells                   Type           Power        Failure   Level  Hunger
 Animate Skeleton         Necr           N/A          99%         1    ##.....
 Apportation              Tloc           #.....       99%         1    ##.....
 Confusing Touch          Hex            #.....       99%         1    ##.....
 Summon Small Mammal      Summ           #...         99%         1    ##.....


Dungeon Overview and Level Annotations

Branches:
Dungeon (3/15)

Altars:


Message History

You block the orc's attack.
Items here: ! $ )) ? [[ †† You closely miss the orc.
You block the orc's attack.
You closely miss the orc. You block the orc's attack.
You barely miss the orc. The orc hits you but does no damage.
You completely miss the orc. The orc barely misses you.
You hit the orc.
The orc is lightly wounded.
The orc hits you but does no damage.
You barely miss the orc.
The orc is lightly wounded.
The orc hits you but does no damage.
You slash the orc!
You kill the orc!
You hit the orc but do no damage.
The orc hits you with a cursed -1 flail!
* * * LOW HITPOINT WARNING * * *
You closely miss the orc.
The orc hits you with a cursed -1 flail!
You die...

#.# ..# #.# ..# ##.#
... #..# #.# #.## #.#
#.# #.####### #### #.#
#.......####...
#.#######.........##...
#.....@o)...........((.
##########........#..##
#........'.......(#....
#.########........#..#.
#...............#.#....
#################.#.##.
..#.#..#.
#######.#.#.##.
......#.#.#.##.


You could see an orc.

Vanquished Creatures
  3 adders
  An ooze (D:3)
  4 dart slugs
  A leopard gecko (D:3)
  3 orcs (D:3)
  2 giant cockroaches
  5 goblins
  6 hobgoblins
  4 jackals (D:1)
  6 bats
  2 frilled lizards
  7 kobolds
  4 rats
48 creatures vanquished.

Notes
Turn   | Place    | Note
-------+----------+-------------------------------------------
     0 | D:1      | eisn the Hill Orc Fighter began the quest for the Orb.
     0 | D:1      | Reached XP level 1. HP: 19/19 MP: 1/1
    58 | D:1      | Reached XP level 2. HP: 23/27 MP: 2/2
    74 | D:1      | Reached skill level 3 in Long Blades
   414 | D:1      | Reached XP level 3. HP: 32/33 MP: 3/3
   679 | D:2      | Reached skill level 4 in Long Blades
   802 | D:2      | Reached XP level 4. HP: 40/40 MP: 4/4
  1596 | D:3      | Reached skill level 5 in Long Blades
  1605 | D:3      | HP: 1/40 [orc/cursed -1 flail (7)]
  1606 | D:3      | Mangled by an orc

Skill      XL: |  1  2  3  4 |
---------------+-------------+-----
Long Blades    | 3 4 5 |  5.0
Fighting       | |  3.7
Armour         | |  3.3
Shields        | |  3.3

Action                   |  1- 3 |  4- 6 || total
-------------------------+-------+-------++-------
Melee: Long sword        |   104 |    83 ||   187
  Eat: Ration            |       |     1 ||     1
       Chunk             |       |     1 ||     1
Armor: Scale mail        |    68 |    34 ||   102
Dodge: Dodged            |    38 |    22 ||    60
Block: Shield            |    55 |    31 ||    86
       Rpst.: Long sword |    15 |     4 ||    19
